AA CENTRAL
NORTHWEST ARKANSAS NATURALS @ FRISCO ROUGHRIDERS
06/30/2041
 
TOP OF THE 1ST
Northwest Arkansas Naturals batting - Pitching for Frisco RoughRiders : RHP Jim Rose
Pitching: RHP Jim Rose
Batting: LHB Sonny Pouliot 0-0: Called Strike
0-1: Fly out, F8 (Flyball, 8LD, EV 111.3 MPH)
Batting: SHB Jesús Catete 0-0: Called Strike
0-1: Ball
1-1: Ball
2-1: Ball
3-1: Base on Balls
Batting: LHB Rod Truong 0-0: Ball
1-0: Called Strike
1-1: Swinging Strike
1-2: Strikes out swinging
Batting: SHB Luis Ramírez 0-0: Foul Ball, location: 23F
0-1: Ball
1-1: Foul Ball, location: 5FF
1-2: Fly out, F8 (Flyball, 78D, EV 98.1 MPH)
Top of the 1st over - 0 runs, 0 hits, 0 errors, 1 left on base; Northwest Arkansas 0 - Frisco 0
BOTTOM OF THE 1ST
Frisco RoughRiders batting - Pitching for Northwest Arkansas Naturals : RHP Pat O'Neil
Pitching: RHP Pat O'Neil
Batting: RHB Dave Maxwell 0-0: Ball
1-0: Called Strike
1-1: SINGLE (Line Drive, 7S, EV 86.9 MPH)
Batting: LHB Caspar Ahernfeld 0-0: Ball
1-0: Foul Ball, location: 9LDF
1-1: Sac Bunt to 5S - play at first, batter OUT! 5-3
Dave Maxwell to second
Batting: RHB Joel Johnson 0-0: Ball
1-0: Ball
2-0: Ball
3-0: Base on Balls
Batting: LHB Jim Unknown 0-0: SINGLE (Groundball, 6MD, EV 96.3 MPH)
Dave Maxwell to third
Joel Johnson to second
Runner from 3rd tries for Home, SAFE, throw by CF to home
Batting: RHB António Ramírez 0-0: Ball
1-0: Ball
2-0: Ball
3-0: Base on Balls
Joel Johnson to third
Jim Unknown to second
Batting: RHB Jim Unknown 0-0: Ball
1-0: Ball
2-0: Fly out, F6 (Line Drive, 6M, EV 68.1 MPH)
Lined into DP, U6 (Line Drive, 6M, EV 68.1 MPH)
Bottom of the 1st over - 1 run, 2 hits, 0 errors, 2 left on base; Northwest Arkansas 0 - Frisco 1
TOP OF THE 2ND
Northwest Arkansas Naturals batting - Pitching for Frisco RoughRiders : RHP Jim Rose
Batting: LHB Pete Barry 0-0: Ball
1-0: Called Strike
1-1: Foul Ball, location: 7LSF
1-2: Ball
2-2: Foul Ball, location: 9LMF
2-2: Strikes out swinging
Batting: RHB Robinson Ornelas 0-0: Ball
1-0: Ground out 6-3 (Groundball, 6, EV 106.9 MPH)
Batting: RHB Gil Reynolds 0-0: Ball
1-0: Ball
2-0: Foul Ball, location: 9LDF
2-1: Foul Ball, location: 3DF
2-2: Ball
3-2: Foul Ball, location: 25F
3-2: Foul Ball, location: 25FF
3-2: Foul Ball, location: 5F
3-2: Ground out 4-3 (Groundball, 4, EV 86.9 MPH)
Top of the 2nd over - 0 runs, 0 hits, 0 errors, 0 left on base; Northwest Arkansas 0 - Frisco 1
BOTTOM OF THE 2ND
Frisco RoughRiders batting - Pitching for Northwest Arkansas Naturals : RHP Pat O'Neil
Batting: RHB Jim Unknown 0-0: Ground out 6-3 (Groundball, 6, EV 100.0 MPH)
Batting: LHB Jim Unknown 0-0: Ball
1-0: Called Strike
1-1: Fly out, F3 (Popup, 34S, EV 72.5 MPH)
Batting: LHB Jim Unknown 0-0: Ball
1-0: Ball
2-0: Ball
3-0: Base on Balls
Batting: RHB Dave Maxwell 0-0: Called Strike
0-1: Ball
1-1: Swinging Strike
1-2: Fly out, F6 (Line Drive, 56D, EV 73.8 MPH)
Bottom of the 2nd over - 0 runs, 0 hits, 0 errors, 1 left on base; Northwest Arkansas 0 - Frisco 1
TOP OF THE 3RD
Northwest Arkansas Naturals batting - Pitching for Frisco RoughRiders : RHP Jim Rose
Batting: RHB Jorge Vargas 0-0: Ball
1-0: Called Strike
1-1: Ground out 6-3 (Groundball, P, EV 85.0 MPH)
Batting: RHB Phil Roberts 0-0: Ground out 3-1 (Groundball, 34, EV 80.6 MPH)
Batting: LHB Sonny Pouliot 0-0: Called Strike
0-1: SINGLE (Groundball, 34D, EV 99.4 MPH)
Batting: SHB Jesús Catete 0-0: Ball
1-0: Ball
2-0: SINGLE (Line Drive, 6MD, EV 98.1 MPH)
Sonny Pouliot to second
Batting: LHB Rod Truong 0-0: Swinging Strike
0-1: Swinging Strike
0-2: Ball
1-2: Strikes out swinging
Top of the 3rd over - 0 runs, 2 hits, 0 errors, 2 left on base; Northwest Arkansas 0 - Frisco 1
BOTTOM OF THE 3RD
Frisco RoughRiders batting - Pitching for Northwest Arkansas Naturals : RHP Pat O'Neil
Batting: LHB Caspar Ahernfeld 0-0: Ball
1-0: Called Strike
1-1: Ball
2-1: Ball
3-1: Base on Balls
Batting: RHB Joel Johnson 0-0: Ball
1-0: Ball
2-0: Foul Ball, location: 9LSF
2-1: Swinging Strike
2-2: Ball
3-2: Foul Ball, location: 9LDF
3-2: Base on Balls
Caspar Ahernfeld to second
Batting: LHB Jim Unknown 0-0: Ball
1-0: Swinging Strike
1-1: Ball
2-1: Fly out, F9 (Flyball, 89M, EV 95.6 MPH)
Batting: RHB António Ramírez 0-0: Ball
1-0: Swinging Strike
1-1: Ball
2-1: Foul Ball, location: 25F
2-2: Ball
3-2: Foul Ball, location: 2F
3-2: Base on Balls
Caspar Ahernfeld to third
Joel Johnson to second
Batting: RHB Jim Unknown 0-0: Swinging Strike
0-1: Foul Ball, location: 2F
0-2: Strikes out swinging
Batting: RHB Jim Unknown 0-0: Foul Ball, location: 9LMF
0-1: Ball
1-1: Fly out, F7 (Flyball, 7, EV 91.3 MPH)
Bottom of the 3rd over - 0 runs, 0 hits, 0 errors, 3 left on base; Northwest Arkansas 0 - Frisco 1
TOP OF THE 4TH
Northwest Arkansas Naturals batting - Pitching for Frisco RoughRiders : RHP Jim Rose
Batting: SHB Luis Ramírez 0-0: Ball
1-0: Called Strike
1-1: Foul Ball, location: 7LSF
1-2: Fly out, F3 (Popup, 3, EV 65.6 MPH)
Batting: LHB Pete Barry 0-0: Ball
1-0: Called Strike
1-1: Foul Ball, location: 2F
1-2: Strikes out swinging
Batting: RHB Robinson Ornelas 0-0: Swinging Strike
0-1: Foul Ball, location: 5F
0-2: Strikes out swinging
Top of the 4th over - 0 runs, 0 hits, 0 errors, 0 left on base; Northwest Arkansas 0 - Frisco 1
BOTTOM OF THE 4TH
Frisco RoughRiders batting - Pitching for Northwest Arkansas Naturals : RHP Pat O'Neil
Batting: LHB Jim Unknown 0-0: Swinging Strike
0-1: Swinging Strike
0-2: Ball
1-2: Ball
2-2: Fly out, F7 (Line Drive, 7LM, EV 95.0 MPH)
Batting: LHB Jim Unknown 0-0: Foul Ball, location: 3DF
0-1: SINGLE (Line Drive, 5D, EV 95.6 MPH)
Batting: RHB Dave Maxwell 0-0: Ball
1-0: Called Strike
1-1: Ball
2-1: Swinging Strike
2-2: SINGLE (Line Drive, 7S, EV 105.0 MPH)
Jim Unknown to second
Batting: LHB Caspar Ahernfeld 0-0: Called Strike
0-1: Ball
1-1: Ball
2-1: Ball
3-1: Fly out, F6 (Popup, 4MD, EV 61.3 MPH)
Batting: RHB Joel Johnson 0-0: Called Strike
0-1: Ball
1-1: Ground out 5-3 (Groundball, 56S, EV 82.5 MPH)
Bottom of the 4th over - 0 runs, 2 hits, 0 errors, 2 left on base; Northwest Arkansas 0 - Frisco 1
TOP OF THE 5TH
Northwest Arkansas Naturals batting - Pitching for Frisco RoughRiders : RHP Jim Rose
Batting: RHB Gil Reynolds 0-0: Ball
1-0: SINGLE (Line Drive, 4MD, EV 96.3 MPH)
Batting: RHB Jorge Vargas 0-0: Ball
1-0: Ball
2-0: Ball
3-0: Called Strike
3-1: Foul Ball, location: 2F
3-2: Foul Ball, location: 2F
3-2: Base on Balls
Gil Reynolds to second
Batting: RHB Phil Roberts 0-0: Sac Bunt to 2R - play at first, batter OUT! 2-3
Gil Reynolds to third
Jorge Vargas to second
Batting: LHB Sonny Pouliot 0-0: Ball
1-0: Ball
2-0: Ball
3-0: Base on Balls
Batting: SHB Jesús Catete 0-0: Fly out, F6 (Popup, 56, EV 68.8 MPH)
Batting: LHB Rod Truong 0-0: Ball
1-0: Foul Ball, location: 2F
1-1: Called Strike
1-2: Ball
2-2: Ball
3-2: Foul Ball, location: 2F
3-2: Fly out, F7 (Flyball, 7LMF, EV 103.1 MPH)
Top of the 5th over - 0 runs, 1 hit, 0 errors, 3 left on base; Northwest Arkansas 0 - Frisco 1
BOTTOM OF THE 5TH
Frisco RoughRiders batting - Pitching for Northwest Arkansas Naturals : RHP Pat O'Neil
Batting: LHB Jim Unknown 0-0: Ball
1-0: Called Strike
1-1: Fly out, F7 (Line Drive, 78D, EV 90.6 MPH)
Pitching: RHP Ernesto Castillo
Batting: RHB António Ramírez 0-0: Ball
1-0: Called Strike
1-1: Foul Ball, location: 23F
1-2: Ball
2-2: Foul Ball, location: 3F
2-2: Foul Ball, location: 9LDF
2-2: Ball
3-2: Ground out 4-3 (Groundball, 4, EV 102.5 MPH)
Batting: RHB Jim Unknown 0-0: Called Strike
0-1: Ball
1-1: Foul Ball, location: 2F
1-2: Strikes out looking
Bottom of the 5th over - 0 runs, 0 hits, 0 errors, 0 left on base; Northwest Arkansas 0 - Frisco 1
TOP OF THE 6TH
Northwest Arkansas Naturals batting - Pitching for Frisco RoughRiders : RHP Jim Rose
Pitching: RHP Jim Unknown
Batting: SHB Luis Ramírez 0-0: Called Strike
0-1: Ball
1-1: Ball
2-1: Ball
3-1: Swinging Strike
3-2: SOLO HOME RUN (Flyball, 7D, EV 100.0 MPH), Distance : 388 ft
Batting: LHB Pete Barry 0-0: Called Strike
0-1: Fly out, F8 (Flyball, 8RXD, EV 109.4 MPH)
Batting: RHB Robinson Ornelas 0-0: Called Strike
0-1: Hit by Pitch
Batting: RHB Gil Reynolds 0-0: Called Strike
0-1: Ball
1-1: SINGLE (Line Drive, 4D, EV 105.0 MPH)
Robinson Ornelas to second
Batting: RHB Jorge Vargas 0-0: Ball
1-0: Ball
2-0: Ball
3-0: Base on Balls
Robinson Ornelas to third
Gil Reynolds to second
Batting: RHB Phil Roberts 0-0: Called Strike
0-1: Ball
1-1: Called Strike
1-2: Ball
2-2: Ball
3-2: Foul Ball, location: 9LDF
3-2: Strikes out swinging
Batting: LHB Sonny Pouliot 0-0: Called Strike
0-1: Ball
1-1: Ball
2-1: Swinging Strike
2-2: DOUBLE (Groundball, 5L, EV 108.1 MPH)
Robinson Ornelas scores
Gil Reynolds scores
Jorge Vargas to third
Batting: SHB Jesús Catete 0-0: Called Strike
0-1: Ground out 4-3 (Groundball, 4, EV 104.4 MPH)
Top of the 6th over - 3 runs, 3 hits, 0 errors, 2 left on base; Northwest Arkansas 3 - Frisco 1
BOTTOM OF THE 6TH
Frisco RoughRiders batting - Pitching for Northwest Arkansas Naturals : RHP Ernesto Castillo
Batting: RHB Jim Unknown 0-0: Called Strike
0-1: Ball
1-1: Ball
2-1: Ball
3-1: Fly out, F2 (Popup, 5SF, EV 81.9 MPH)
Batting: LHB Jim Unknown 0-0: Called Strike
0-1: Ground out U3 (Groundball, 3, EV 83.1 MPH)
Batting: LHB Jim Unknown 0-0: Called Strike
0-1: Swinging Strike
0-2: Strikes out swinging
Bottom of the 6th over - 0 runs, 0 hits, 0 errors, 0 left on base; Northwest Arkansas 3 - Frisco 1
TOP OF THE 7TH
Northwest Arkansas Naturals batting - Pitching for Frisco RoughRiders : RHP Jim Unknown
Pitching: RHP Jim Unknown
Batting: LHB Rod Truong 0-0: Foul Ball, location: 2F
0-1: Ball
1-1: Foul Ball, location: 2RF
1-2: Strikes out looking
Batting: SHB Luis Ramírez 0-0: Ball
1-0: Called Strike
1-1: Swinging Strike
1-2: Ball
2-2: SOLO HOME RUN (Flyball, 89XD, EV 106.9 MPH), Distance : 422 ft
Batting: LHB Pete Barry 0-0: Called Strike
0-1: Called Strike
0-2: Strikes out swinging
Batting: RHB Robinson Ornelas 0-0: Fly out, F6 (Popup, 6MD, EV 63.8 MPH)
Top of the 7th over - 1 run, 1 hit, 0 errors, 0 left on base; Northwest Arkansas 4 - Frisco 1
BOTTOM OF THE 7TH
Frisco RoughRiders batting - Pitching for Northwest Arkansas Naturals : RHP Ernesto Castillo
Batting: RHB Dave Maxwell 0-0: Called Strike
0-1: Ball
1-1: Swinging Strike
1-2: Strikes out swinging
Batting: LHB Caspar Ahernfeld 0-0: Foul Ball, location: 23F
0-1: Ball
1-1: Foul Ball, location: 5FF
1-2: Ball
2-2: Strikes out swinging
Batting: RHB Joel Johnson 0-0: Foul Ball, location: 9LSFF
0-1: Called Strike
0-2: Ball
1-2: Foul Ball, location: 9LMF
1-2: SINGLE (Line Drive, 56, EV 97.5 MPH)
Batting: LHB Jim Unknown 0-0: Fly out, F8 (Flyball, 8RM, EV 86.9 MPH)
Bottom of the 7th over - 0 runs, 1 hit, 0 errors, 1 left on base; Northwest Arkansas 4 - Frisco 1
TOP OF THE 8TH
Northwest Arkansas Naturals batting - Pitching for Frisco RoughRiders : RHP Jim Unknown
Batting: RHB Gil Reynolds 0-0: Ball
1-0: Fly out, F7 (Line Drive, 78M, EV 100.6 MPH)
Batting: RHB Jorge Vargas 0-0: Ball
1-0: Ball
2-0: Ball
3-0: Called Strike
3-1: Base on Balls
Batting: RHB Phil Roberts 0-0: Ball
1-0: Swinging Strike
1-1: Foul Ball, location: 25FF
1-2: Strikes out swinging
Jorge Vargas steals 2nd base
Batter strikes out.
Batting: LHB Sonny Pouliot 0-0: Fly out, F5 (Popup, 6S, EV 76.9 MPH)
Top of the 8th over - 0 runs, 0 hits, 0 errors, 1 left on base; Northwest Arkansas 4 - Frisco 1
BOTTOM OF THE 8TH
Frisco RoughRiders batting - Pitching for Northwest Arkansas Naturals : RHP Ernesto Castillo
Batting: RHB António Ramírez 0-0: Ball
1-0: Foul Ball, location: 9LSF
1-1: Foul Ball, location: 3FF
1-2: Ball
2-2: Ground out 4-3 (Groundball, 4, EV 95.6 MPH)
Pinch Hitting: SHB Jim Unknown 0-0: Swinging Strike
0-1: Ball
1-1: Ball
2-1: Swinging Strike
2-2: Fly out, F4 (Popup, 4M, EV 75.6 MPH)
Batting: RHB Jim Unknown 0-0: Ball
1-0: Ball
2-0: Ball
3-0: Called Strike
3-1: Base on Balls
Batting: LHB Jim Unknown 0-0: Foul Ball, location: 2F
0-1: Ball
1-1: SINGLE (Groundball, 6D, EV 95.6 MPH)
Jim Unknown to second
Batting: LHB Jim Unknown 0-0: Ball
1-0: Called Strike
1-1: Called Strike
1-2: Ground out 6-3 (Groundball, 6MS, EV 84.4 MPH)
Bottom of the 8th over - 0 runs, 1 hit, 0 errors, 2 left on base; Northwest Arkansas 4 - Frisco 1
TOP OF THE 9TH
Northwest Arkansas Naturals batting - Pitching for Frisco RoughRiders : RHP Jim Unknown
Now in RF: Jim Unknown
Batting: SHB Jesús Catete 0-0: Ball
1-0: Called Strike
1-1: Ball
2-1: Ball
3-1: Foul Ball, location: 3FF
3-2: Foul Ball, location: 2F
3-2: Base on Balls
Batting: LHB Rod Truong 0-0: Called Strike
0-1: Ball
1-1: Ball
2-1: Foul Ball, location: 2RF
2-2: Ball
3-2: DOUBLE (Flyball, 8RXD, EV 90.0 MPH)
Jesús Catete to third
Runner from 3rd tries for Home, SAFE, throw by CF to home
Batting: SHB Luis Ramírez 0-0: Ball
1-0: Foul Ball, location: 2RF
1-1: Ball
2-1: Foul Ball, location: 2F
2-2: Ground out 4-3 (Groundball, 4, EV 105.6 MPH)
Rod Truong to third
Batting: LHB Pete Barry 0-0: Ball
1-0: Ball
2-0: Foul Ball, location: 2LF
2-1: Called Strike
2-2: Ball
3-2: Ground out 3-1 (Groundball, 34S, EV 66.9 MPH)
Rod Truong scores
Batting: RHB Robinson Ornelas 0-0: SINGLE (Groundball, 34D, EV 96.9 MPH)
Pitching: RHP Jim Unknown
Batting: RHB Gil Reynolds 0-0: DOUBLE (Line Drive, 9LM, EV 106.9 MPH)
Robinson Ornelas to third
Batting: RHB Jorge Vargas 0-0: Ball
1-0: Ball
2-0: Called Strike
2-1: Called Strike
2-2: Ball
3-2: Base on Balls
Batting: RHB Phil Roberts 0-0: Hit by Pitch
Robinson Ornelas scores
Gil Reynolds to third
Jorge Vargas to second
Batting: LHB Sonny Pouliot 0-0: Foul Ball, location: 7LSF
0-1: Ball
1-1: Ball
2-1: Ball
3-1: Called Strike
3-2: Base on Balls
Gil Reynolds scores
Jorge Vargas to third
Phil Roberts to second
Batting: SHB Jesús Catete 0-0: Ball
1-0: Ball
2-0: Ball
3-0: Called Strike
3-1: Foul Ball, location: 3FF
3-2: Base on Balls
Jorge Vargas scores
Phil Roberts to third
Sonny Pouliot to second
Pinch Hitting: RHB Cris Camacho 0-0: SINGLE (Groundball, 34D, EV 106.9 MPH)
Phil Roberts scores
Sonny Pouliot to third
Jesús Catete to second
Runner from 3rd tries for Home, SAFE, throw by RF to home
Pitching: RHP Jim Unknown
Batting: SHB Luis Ramírez 0-0: Ball
1-0: Ball
2-0: Ball
3-0: Base on Balls
Jesús Catete to third
Cris Camacho to second
Batting: LHB Pete Barry 0-0: Ground out U3 (Groundball, 3, EV 90.6 MPH)
Top of the 9th over - 7 runs, 4 hits, 0 errors, 3 left on base; Northwest Arkansas 11 - Frisco 1
BOTTOM OF THE 9TH
Frisco RoughRiders batting - Pitching for Northwest Arkansas Naturals : RHP Ernesto Castillo
Now at SS: Cris Camacho
Pinch Hitting: RHB Jim Unknown 0-0: Ball
1-0: Ground out U3 (Groundball, 3, EV 98.1 MPH)
Pinch Hitting: RHB Jim Unknown 0-0: Called Strike
0-1: Ball
1-1: Called Strike
1-2: Foul Ball, location: 7LDF
1-2: Foul Ball, location: 2F
1-2: Strikes out swinging
Pinch Hitting: RHB Jim Unknown 0-0: Foul Ball, location: 9LDF
0-1: Ball
1-1: SINGLE (Groundball, 34D, EV 98.8 MPH)
Pinch Hitting: RHB Jim Unknown 0-0: Ball
1-0: Ball
2-0: Ball
3-0: Called Strike
3-1: Called Strike
3-2: SINGLE (Flyball, 9, EV 85.0 MPH)
Jim Unknown to second
Jim Unknown to third
Batting: RHB António Ramírez 0-0: Ball
1-0: Ball
2-0: Ball
3-0: Called Strike
3-1: Ground out 4-3 (Groundball, 34, EV 85.0 MPH)
Bottom of the 9th over - 0 runs, 2 hits, 0 errors, 2 left on base; Northwest Arkansas 11 - Frisco 1
Monday, April 1st , 2024 - OOTP Baseball 24.10 Build 82